 Dungeon Crawl Stone Soup version 0.18.1-48-g4cf74bf (webtiles) character file.

185 Galewin the Chopper (level 5, -2/47 HPs)
             Began as a Minotaur Berserker on Aug 31, 2016.
             Was a Priest of Trog.
             Slain by Menkaure (25 damage)
             ... on level 4 of the Dungeon on Sept 7, 2016.
             The game lasted 00:08:49 (2607 turns).

Galewin the Chopper (Minotaur Berserker)            Turns: 2607, Time: 00:08:50

Health: -2/47      AC:  2    Str: 22    XL:     5   Next: 37%
Magic:  4/4        EV: 12    Int:  4    God:    Trog [***...]
Gold:   73         SH:  0    Dex: 10    Spells: 0 memorised, 4 levels left

rFire  . . .     SeeInvis .     a - +0 hand axe
rCold  . . .     Gourm    .     b - +0 animal skin
rNeg   . . .     Faith    .     (no shield)
rPois  .         Spirit   .     (helmet restricted)
rElec  .         Dismiss  .     (no cloak)
rCorr  .         Reflect  .     (no gloves)
SustAt .         Harm     .     (no boots)
MR     ++...                    (no amulet)
Stlth  +.........               (no ring)
                                (no ring)

@: exhausted, regenerating, slowed, very slow, very resistant to hostile
enchantments, very unstealthy
A: retaliatory headbutt, horns 2
a: Berserk, Trog's Hand, Burn Spellbooks, Renounce Religion


You were on level 4 of the Dungeon.
You worshipped Trog.
Trog was most pleased with you.
You were hungry.

You visited 1 branch of the dungeon, and saw 4 of its levels.

You collected 73 gold pieces.

Inventory:

Hand Weapons
 a - a +0 hand axe (weapon)
Armour
 b - a +0 animal skin (worn)
Jewellery
 l - a +4 ring of dexterity {unknown}
Scrolls
 f - 3 scrolls of remove curse
 j - a scroll of identify {unknown}
 k - a scroll of recharging {unknown}
 o - a scroll of blinking {unknown}
Potions
 d - a potion of brilliance {unknown}
 e - 2 potions of curing {unknown}
 g - a potion of resistance {unknown}
 h - a potion of degeneration {unknown}
 i - a potion of haste {unknown}
 m - a potion of magic {unknown}
 q - a potion of cure mutation {unknown}
Comestibles
 c - 3 bread rations
 n - a chunk of flesh
 p - a meat ration


   Skills:
 - Level 4.3 Fighting
 + Level 6.3 Axes
 - Level 3.2 Armour
 - Level 2.7 Dodging


You had 4 spell levels left.
You didn't know any spells.

Dungeon Overview and Level Annotations

Branches:
Dungeon (4/15)
 Temple: D:4-7

Altars:
Dithmenos
Elyvilon
Makhleb
Vehumet

Annotations:
D:4 Menkaure


Innate Abilities, Weirdness & Mutations

You reflexively headbutt those who attack you in melee.
You have a pair of horns on your head.


Message History

There is an open door here.
You close the door.
Menkaure opens the door.
Menkaure gestures at you while chanting.
Pain shoots through your body!
Your skin crawls.
You feel resistant to hostile enchantments.
You feel slightly more hungry. Menkaure completely misses you.
Menkaure hits you.
You are feeling hungry.
Menkaure closely misses you. You furiously retaliate!
You headbutt Menkaure.
Menkaure calls on the powers of darkness!
Your body is wracked with pain!
Menkaure gestures at you while chanting.
Pain shoots through your body!
Read which item? (? for menu, Esc to quit)
As you read the scroll labeled EMIKIH TUZXOC, it crumbles to dust.
You feel blessed for a moment.
It was a scroll of remove curse.
Menkaure hits you!!
Ouch! That really hurt!
You die...

#......#......#..................
#......#......#............##...#
#......#......#............######
#......#....(.#............# #
+......'......#............# +
#......###....######'####### #
....######....####....# ....#
#.............# ....#
#......M@.....+ ....#
#..#.#''#.#...# ....#
#....#..#.....# ...M#
#..########...# ....# #..+ +...#
....+ #..+ +...# ##.# .### ..


You could see Menkaure.

Vanquished Creatures
  A crimson imp (D:3)
  An orc priest (D:3)
  A hound skeleton (D:4)
  4 adders
  3 worms
  2 dart slugs (D:1)
  2 giant geckos (D:3)
  3 orcs (D:3)
  A ball python (D:3)
  A giant cockroach (D:1)
  13 goblins
  6 hobgoblins
  A quokka (D:2)
  4 bats
  A giant gecko zombie (D:3)
  2 giant newts
  4 kobolds
  8 rats
58 creatures vanquished.

Notes
Turn   | Place    | Note
--------------------------------------------------------------
     0 | D:1      | Galewin the Minotaur Berserker began the quest for the Orb.
     0 | D:1      | Reached XP level 1. HP: 19/19 MP: 0/0
   115 | D:1      | Reached XP level 2. HP: 27/27 MP: 1/1
   372 | D:1      | Reached skill level 4 in Axes
   537 | D:1      | Reached ** piety under Trog
   675 | D:2      | Found a shadowy altar of Dithmenos.
   682 | D:2      | Reached XP level 3. HP: 26/33 MP: 2/2
   981 | D:2      | Found a white marble altar of Elyvilon.
  1745 | D:3      | Found a radiant altar of Vehumet.
  1746 | D:3      | Found a burning altar of Makhleb.
  1760 | D:3      | Reached skill level 5 in Axes
  1760 | D:3      | Reached XP level 4. HP: 19/41 MP: 3/3
  2169 | D:3      | Reached XP level 5. HP: 29/47 MP: 4/4
  2397 | D:3      | Reached skill level 6 in Axes
  2529 | D:4      | Reached *** piety under Trog
  2591 | D:4      | Noticed Menkaure
  2607 | D:4      | Slain by Menkaure

Skill      XL: |  1  2  3  4  5 |
---------------+----------------+-----
Axes           | 4 5 6 |  6.3
Fighting       | 4 |  4.3
Armour         | 3 |  3.2
Dodging        | |  2.7

Action                   |  1- 3 |  4- 6 || total
-------------------------+-------+-------++-------
Melee: Hand axe          |    94 |    36 ||   130
       Headbutt          |    17 |     6 ||    23
Invok: Berserk           |       |     2 ||     2
       Trog's Hand       |       |     1 ||     1
  Use: Scroll            |       |     1 ||     1
 Stab: Sleeping          |     1 |       ||     1
  Eat: Chunk             |     3 |     4 ||     7
Armor: Animal skin       |    22 |     2 ||    24
Dodge: Dodged            |    59 |    30 ||    89
